 Dungeon Crawl Stone Soup version 0.31-a0-690-g7ce4588941 (webtiles) character file.

Game seed: 14272446255565928807

218 Gargoyl the Trooper (level 5, -4/34 HPs)
             Began as a Gargoyle Berserker on Sept 6, 2023.
             Was a Believer of Trog.
             Slain by esser2137's ghost (7 damage)
             ... on level 3 of the Dungeon.
             The game lasted 00:02:40 (2006 turns).

Gargoyl the Trooper (Gargoyle Berserker)            Turns: 2006, Time: 00:02:41

Health: -4/34      AC:  9    Str: 18 (20) XL:     5   Next: 95%
Magic:  5/5        EV: 11    Int:  6 (8)  God:    Trog [**....]
Gold:   106        SH:  0    Dex: 10 (11) Spells: 4/4 levels left

rFire   . . .        a - +1 hand axe
rCold   . . .        (no shield)
rNeg    + . .        h - +0 ring mail
rPois   ∞            (no helmet)
rElec   +            (no cloak)
rCorr   .            (no gloves)
SInv    .            (no boots)
Will    +....        (no amulet)
Stlth   +            (no ring)
HPRegen 0.25/turn    (no ring)
MPRegen 0.09/turn

%: no passive effects
@: brilliant, on berserk cooldown, attractive, enlightened, flying, slowed, very
slow
A: sickness immunity, AC +4, negative energy resistance 1, electricity
resistance, torment resistance 1, petrification resistance
a: Renounce Religion, Berserk, Trog's Hand


You were on level 3 of the Dungeon.
You worshipped Trog.
Trog was pleased with you.
You visited 1 branch of the dungeon, and saw 3 of its levels.

You collected 106 gold pieces.

Inventory:

Hand Weapons
 a - a +1 hand axe (weapon)
Armour
 h - a +0 ring mail (worn)
Jewellery
 l - a ring of flight
Scrolls
 b - 3 scrolls of fear {unknown}
 c - a scroll of identify {unknown}
 j - a scroll of enchant weapon
 k - a scroll of amnesia {unknown}


   Skills:
 + Level 4.5 Fighting
 + Level 4.3 Axes
 + Level 3.2 Armour
 + Level 2.3 Dodging
 + Level 0.3 Stealth


You had 4 spell levels left.
You didn't know any spells.
Your spell library was empty.

Dungeon Overview and Level Annotations

Branches:
Dungeon (3/15)

Altars:
Kikubaaqudgha

Shops:
D:3 (

Annotations:
D:3 1 runed translucent door, esser2137's ghost, amateur DrSh


Innate Abilities, Weirdness & Mutations

You are immune to sickness and miasma.
Your stone body is resilient. (AC +4)
You are immune to poison.
You resist negative energy. (rN+)
You are resistant to electric shocks. (rElec)
You are resistant to unholy torment.
You are immune to petrification.


Message History

Esser2137's ghost is moderately damaged.
Esser2137's ghost hits you but does no damage. x2
You hit esser2137's ghost but do no damage.
Esser2137's ghost is moderately damaged.
Esser2137's ghost closely misses you.
You closely miss esser2137's ghost.
Esser2137's ghost is moderately damaged.
Esser2137's ghost closely misses you.
Esser2137's ghost hits you but does no damage.
You hit esser2137's ghost but do no damage.
Esser2137's ghost is moderately damaged.
You feel the effects of Trog's Hand fading.
Esser2137's ghost barely misses you. Esser2137's ghost closely misses you.
You hit esser2137's ghost.
Esser2137's ghost is heavily damaged.
Esser2137's ghost closely misses you.
You barely miss esser2137's ghost.
Esser2137's ghost is heavily damaged.
Esser2137's ghost hits you. Esser2137's ghost hits you!
You hit esser2137's ghost.
Esser2137's ghost is heavily damaged.
Your skin stops crawling.
You feel less strong-willed. Esser2137's ghost hits you.
Esser2137's ghost closely misses you.
You hit esser2137's ghost but do no damage.
Esser2137's ghost is heavily damaged.
Esser2137's ghost hits you.
You hit esser2137's ghost but do no damage.
Esser2137's ghost is heavily damaged.
Esser2137's ghost hits you!
* * * LOW HITPOINT WARNING * * *
Esser2137's ghost hits you.
* * * LOW HITPOINT WARNING * * *
You hit esser2137's ghost but do no damage.
Esser2137's ghost is heavily damaged.
Esser2137's ghost barely misses you.
Unknown command.
You closely miss esser2137's ghost.
Esser2137's ghost is heavily damaged.
Esser2137's ghost hits you!
You die...

..............#~~~#.#####.##
))...##....>..#~~~#.# #...#######
.###.###.....##~~~### #.#........
.......#......#~!~# ###+##'##+###
#.##........###~~~# #.....#.....#
#.##........# #~~~###.....#.....#
#...........###~~~#.'##+##'##'##'
...#.........##†~W#.#..#.....#..#
.#.........†..##@####..#+###'#..#
............#..†....#..#.....#..#
##..####.#######....'..+.._..+..+
....# #.# ####.#..#.....#..#
#...####.############..#+###+#..#
......∩.............#..#.....#..#
###..##############.'##+##'##'##'
###..### ###.....#.....# .......#
#.....#.....#


You could see esser2137's ghost.

Vanquished Creatures
  A bullfrog (D:3)
  An orc priest (D:3)
  An orc wizard (D:3)
  2 adders
  A river rat (D:3)
  A worm (D:3)
  A dart slug (D:1)
  3 orcs (D:3)
  3 bats
  4 endoplasms
  2 giant cockroaches (D:1)
  7 goblins
  6 hobgoblins
  8 jackals (D:2)
  11 kobolds
  A quokka (D:1)
  5 ball pythons
  4 frilled lizards
  6 rats
68 creatures vanquished.

Notes
Turn   | Place    | Note
-------+----------+-------------------------------------------
     0 | D:1      | Gargoyl the Gargoyle Berserker began the quest for the Orb.
     0 | D:1      | Reached XP level 1. HP: 14/14 MP: 1/1
   159 | D:1      | Reached XP level 2. HP: 16/19 MP: 2/2
   366 | D:1      | Reached XP level 3. HP: 17/24 MP: 3/3
   379 | D:1      | Reached ** piety under Trog
  1339 | D:2      | Reached XP level 4. HP: 27/29 MP: 4/4
  1574 | D:3      | Reached XP level 5. HP: 33/33 MP: 5/5
  1669 | D:3      | Found a runed translucent door.
  1700 | D:3      | Found an ancient bone altar of Kikubaaqudgha.
  1772 | D:3      | Found Morodiso's Weapon Shop.
  1787 | D:3      | Found a runed translucent door.
  1788 | D:3      | Noticed esser2137's ghost (amateur DrSh)
  2006 | D:3      | Slain by esser2137's ghost

Illustrated notes

Levels and vault maps discovered:
D:1:      giann_wishing_wells, layout_loops_ring, serial_rivers,
          chequers_serial_rivers_micro_c, chequers_serial_rivers_micro_d,
          chequers_serial_rivers_marsh, chequers_serial_rivers_micro_a,
          chequers_serial_rivers_large_a, serial_bayou_crossing
D:2:      layout_rooms, nicolae_underground_beach
D:3:      layout_rooms, mainiacjoe_overflow_24_doors, ebering_ghost_sewer_f,
          serial_shops, shop, hangedman_decor_diamond_cutter,
          chequers_serial_rivers_micro_c, grunt_ministairs_12

Skill      XL: |  1  2  3  4 |
---------------+-------------+-----
Axes           | 3 4 |  4.3
Dodging        | 2 |  2.3
Fighting       | 4 |  4.5
Armour         | 3 |  3.2
Stealth        | |  0.3

Action                     |  1- 3 |  4- 6 || total
---------------------------+-------+-------++-------
  Melee: Hand axe          |   114 |    58 ||   172
 Invoke: Berserk           |     2 |     2 ||     4
         Trog's Hand       |       |     3 ||     3
    Use: Scroll            |     1 |       ||     1
         Potion            |       |     8 ||     8
 Armour: Animal skin       |    45 |       ||    45
         Ring mail         |    31 |    61 ||    92
  Dodge: Dodged            |    85 |    38 ||   123

Table legend: (Time is in decaauts)
 A = Elapsed time spent in this place.
 B = Non-inter-level travel time spent in this place.
 C = Inter-level travel time spent in this place.
 D = Time resting spent in this place.
 E = Time spent auto-exploring this place.
 F = Levels seen in this place.
 G = Mean time per level.
                   A        B        C        D        E       F      G
               +--------+--------+--------+--------+--------+-----+--------+
         Total |   2088 |   2037 |     51 |      0 |   1572 |   3 |  696.0 |
       Dungeon |   2088 |   2037 |     51 |      0 |   1572 |   3 |  696.0 |
               +--------+--------+--------+--------+--------+-----+--------+

Top non-repeatable levels by time:
     D:1: 992 daAuts
     D:3: 576 daAuts
     D:2: 519 daAuts
